 Dungeon Crawl Stone Soup version 0.24.1-8-ga250c9d538 (webtiles) character file.

Game seed: 3973852926420649009, levelgen mode: deterministic

6077 raph the Slinger (level 11, -1/71 HPs)
             Began as a Halfling Hunter on May 4, 2020.
             Was a Priest of Dithmenos.
             Slain by a sixfirhy (4 damage)
             ... on level 2 of the Abyss.
             The game lasted 00:40:45 (15689 turns).

raph the Slinger (Halfling Hunter)                 Turns: 15689, Time: 00:40:46

Health: -1/71      AC: 10    Str: 18    XL:     11   Next: 12%
Magic:  15/15      EV: 24    Int:  9    God:    Dithmenos [***...]
Gold:   549        SH:  6    Dex: 19    Spells: 10/10 levels left

rFire    + . .     SeeInvis +   a - +10 rapier of Floods {pierce, Str+5}
rCold    + . .     Gourm    .   P - +0 buckler
rNeg     . . .     Faith    .   j - +0 troll leather armour
rPois    +         Spirit   .   (no helmet)
rElec    +         Reflect  .   O - +2 cloak
rCorr    +         Harm     .   A - +1 pair of gloves
MR       .....                  (no boots)
Stlth    ++++......             (no amulet)
HPRegen  0.61/turn              D - ring of see invisible
MPRegen  0.14/turn              I - +5 ring of evasion

@: resistant, wreathed by umbra
A: small, mutation resistance 1
a: Shadow Step, Renounce Religion


You were on level 2 of the Abyss.
You worshipped Dithmenos.
Dithmenos was most pleased with you.
You were not hungry.

You visited 2 branches of the dungeon, and saw 11 of its levels.
You visited the Abyss 1 time.

You collected 549 gold pieces.

Inventory:

Hand Weapons
 a - the +10 rapier of Floods (weapon) {pierce, Str+5}
   (You acquired it on level 9 of the Dungeon)

   It inflicts extra damage upon your enemies.
   It affects your strength (+5).
 b - a +2 hunting sling
 d - a +4 dagger of freezing
 g - a +0 short sword
Missiles
 e - 93 stones
 o - 69 poisoned darts
 H - a curare-tipped dart (quivered)
 J - 8 boomerangs
 Q - 4 sling bullets
Armour
 j - a +0 troll leather armour (worn)
 r - a +0 chain mail
 A - a +1 pair of gloves (worn)
 O - a +2 cloak (worn)
 P - a +0 buckler (worn)
Magical Staves
 c - an uncursed staff of earth
 C - an uncursed staff of conjuration
 E - an uncursed staff of death
Jewellery
 l - an uncursed ring of protection from magic
 n - an uncursed ring of fire
 w - an uncursed ring of poison resistance
 D - a ring of see invisible (left hand)
 I - a +5 ring of evasion (right hand)
Wands
 i - a wand of disintegration (1)
 B - a wand of digging (4)
 F - a wand of flame (2)
 M - a wand of iceblast (3)
Scrolls
 k - 7 scrolls of remove curse
 u - a scroll of fear
 y - 2 scrolls of amnesia
 L - 2 scrolls of magic mapping
 N - 3 scrolls of identify
Potions
 m - 2 potions of magic
 q - 2 potions of brilliance
 s - 3 potions of mutation
 t - a potion of agility
 v - 5 potions of flight
 x - a potion of curing
 z - a potion of degeneration
Miscellaneous
 R - a fan of gales (inert)
Comestibles
 f - 22 rations


   Skills:
 + Level 5.1 Fighting
 * Level 8.8 Short Blades
 - Level 12.0 Slings
 + Level 5.7 Armour
 + Level 6.4 Dodging
 + Level 5.2 Stealth
 + Level 3.2 Shields
 + Level 5.6 Invocations


You had 10 spell levels left.
You didn't know any spells.
Your spell library contained the following spells:

 Spells                   Type           Power        Failure   Level  Hunger
 Animate Skeleton         Necr           N/A          52%         1    ##.....
 Pain                     Necr           #...         52%         1    ##.....
 Regeneration             Chrm/Necr      #.........   87%         3    ####...
 Vampiric Draining        Necr           #.........   87%         3    ####...
 Animate Dead             Necr           N/A          99%         4    #####..


Dungeon Overview and Level Annotations

Branches:
Dungeon (10/15)            Temple (1/1) D:4            Lair (0/6) D:8
    Orc: D:9-12

Altars:
Ashenzari
Cheibriados
Dithmenos
Elyvilon
Fedhas
Gozag
Hepliaklqana
Kikubaaqudgha
Makhleb
Nemelex Xobeh
Okawaru
Qazlal
Ru
Sif Muna
Trog
Uskayaw
Vehumet
Wu Jian
Xom
Yredelemnul
Zin
The Shining One

Annotations:
D:6 2 transporters, Merlin's ghost, novice GnWn
D:10 Erolcha


Innate Abilities, Weirdness & Mutations

You are small and have problems with some larger weapons.
You are somewhat resistant to further mutation.


Message History

Your resistance to elements expires.
The thrashing horror roars!
The worldbinder completely misses you. The worldbinder barely misses you.
The starcursed mass barely misses you. The worldbinder barely misses you. x2
The neqoxec gestures.
Okay, then.
You don't have enough health at the moment.
Unknown command.
You feel protected. The starcursed mass closely misses you.
The worldbinder misses you. The worldbinder barely misses you.
Okay, then.
Evoke which item? (* to show all) (? for menu, Esc to quit)
A fierce wind blows from the fan.
The crimson imp is blown away by the wind.
The sixfirhy collides with the wraith!
The sixfirhy completely misses you. The sixfirhy hits you.
* * * LOW HITPOINT WARNING * * *
The sixfirhy shocks you. You resist.
You die...

#.x.#.# # #
####.#. ..# .#
#..#.#...#.# .
#.#.##...#.# .
. ## ..5...###
..
.#.W.5.#.#.#
###
#..ยง....#..#
#XXX###3#.#.
..# #XX@3W##.
.. .
#.##xX.......#
# ..##.##...#.
#.### ..#..#.
.....# .#.#.
.#.# . .. .


You could see 5 starcursed masses, a thrashing horror, a worldbinder, a
sixfirhy, a neqoxec, a wraith, a crimson imp and an ufetubus.

Vanquished Creatures
  Psyche (D:8)
  Prince Ribbit (D:7)
  A troll (D:9)
  A yak (D:8)
  A human (D:8)
  2 hungry ghosts (D:8)
  3 porcupines
  3 orc warriors
  A sky beast (D:7)
  2 black bears (D:9)
  3 ice beasts
  A phantom (D:9)
  5 centaurs
  An ogre (D:6)
  2 crocodiles
  2 big kobolds
  8 bullfrogs
  2 scorpions
  11 killer bees (D:9)
  A centaur zombie (D:9)
  3 crimson imps
  3 quasits
  A bullfrog zombie (D:6)
  6 jellies
  2 orc priests
  8 hounds
  A bullfrog skeleton (D:9)
  Natasha (thrice) (D:4)
  10 orc wizards
  10 worker ants
  5 gnolls
  13 adders
  4 shadow imps
  2 oozes
  2 adder skeletons
  An adder zombie (D:5)
  A worm (D:2)
  3 dart slugs
  A leopard gecko (D:1)
  22 orcs
  2 ball pythons
  4 bats
  6 giant cockroaches
  10 goblins
  4 hobgoblins
  10 jackals
  A quokka (D:7)
  3 frilled lizards
  A giant cockroach zombie (D:5)
  12 kobolds
  A quokka skeleton (D:9)
  A quokka zombie (D:7)
  5 rats
  A plant (D:8)
214 creatures vanquished.

Vanquished Creatures (collateral kills)
  A shadow (Abyss:2)
1 creature vanquished.

Vanquished Creatures (others)
  9 fungi (D:8)
  2 plants (D:8)
11 creatures vanquished.

Grand Total: 226 creatures vanquished

Notes
Turn   | Place    | Note
-------+----------+-------------------------------------------
     0 | D:1      | raph the Halfling Hunter began the quest for the Orb.
     0 | D:1      | Reached XP level 1. HP: 14/14 MP: 1/1
    24 | D:1      | Reached skill level 6 in Slings
    37 | D:1      | Reached XP level 2. HP: 16/19 MP: 2/2
   334 | D:1      | Reached skill level 1 in Short Blades
   500 | D:1      | Reached XP level 3. HP: 4/24 MP: 3/3
  1277 | D:2      | Reached skill level 7 in Slings
  1716 | D:2      | Reached XP level 4. HP: 15/29 MP: 4/4
  3329 | D:2      | Reached XP level 5. HP: 34/34 MP: 5/5
  3488 | D:3      | Reached skill level 8 in Slings
  4708 | D:4      | Noticed Natasha
  4716 | D:4      | Killed Natasha
  4716 | D:4      | Reached XP level 6. HP: 34/39 MP: 6/6
  4760 | D:4      | Noticed Natasha
  4789 | D:3      | Reached skill level 9 in Slings
  5330 | D:4      | Killed Natasha
  5373 | D:4      | Noticed Natasha
  5378 | D:4      | Killed Natasha
  5814 | D:4      | Found a staircase to the Ecumenical Temple.
  5822 | Temple   | Entered the Ecumenical Temple
  5951 | Temple   | Became a worshipper of Dithmenos the Shadowed
  6521 | D:4      | Noticed a phantom
  6776 | D:5      | Entered Level 5 of the Dungeon
  6800 | D:5      | Found a shattered altar of Ashenzari.
  6813 | D:5      | Reached XP level 7. HP: 29/45 MP: 7/7
  7076 | D:5      | Reached skill level 10 in Slings
  7076 | D:5      | Reached skill level 1 in Invocations
  7077 | D:5      | Reached skill level 1 in Armour
  8363 | D:6      | You fall into a shaft and drop 3 floors!
  8364 | D:9      | Noticed an unseen horror
  8395 | D:9      | Reached XP level 8. HP: 36/51 MP: 9/9
  8486 | D:10     | Entered Level 10 of the Dungeon
  8684 | D:10     | Noticed an unseen horror
  9074 | D:7      | Reached skill level 5 in Short Blades
  9242 | D:7      | Reached skill level 11 in Slings
  9546 | D:6      | Reached * piety under Dithmenos
  9956 | D:6      | Reached XP level 9. HP: 42/57 MP: 11/11
 10381 | D:6      | Noticed Merlin's ghost (novice GnWn)
 10435 | D:6      | Found a transporter.
 10475 | D:6      | Found a transporter.
 11002 | D:7      | Reached skill level 12 in Slings
 11030 | D:7      | Noticed Prince Ribbit
 11042 | D:7      | Killed Prince Ribbit
 12128 | D:8      | Reached skill level 5 in Dodging
 12172 | D:8      | Reached XP level 10. HP: 63/63 MP: 13/13
 12246 | D:8      | Noticed Psyche
 12843 | D:8      | Reached skill level 1 in Shields
 12953 | D:8      | Found a staircase to the Lair.
 12972 | D:7      | Reached ** piety under Dithmenos
 13510 | D:8      | Reached skill level 5 in Invocations
 13555 | D:8      | Reached skill level 5 in Armour
 13582 | D:8      | Killed Psyche
 13890 | D:8      | Identified the +1 robe of Untruth {-Tele Str+2 Int+2
                  | Stlth+}
 14574 | D:9      | Reached skill level 5 in Fighting
 14574 | D:9      | Reached XP level 11. HP: 51/71 MP: 15/15
 14581 | D:9      | Reached skill level 5 in Stealth
 14819 | D:9      | Reached *** piety under Dithmenos
 15287 | D:9      | Found a glowing silver altar of Zin.
 15302 | D:9      | Identified a scroll of acquirement
 15303 | D:9      | Got a scorched rapier
 15304 | D:9      | Identified the +10 rapier of Floods {pierce, Str+5} (You
                  | acquired it on level 9 of the Dungeon)
 15487 | D:10     | Noticed Erolcha
 15495 | D:10     | Cast into level 2 of the Abyss (Erolcha)
 15561 | Abyss:2  | Noticed a bone dragon
 15575 | Abyss:2  | Noticed a large abomination
 15576 | Abyss:2  | Noticed a thrashing horror
 15577 | Abyss:2  | Noticed a thrashing horror
 15580 | Abyss:2  | Noticed a large abomination
 15650 | Abyss:2  | Noticed a worldbinder
 15656 | Abyss:2  | Noticed a necromancer
 15656 | Abyss:2  | Noticed a necromancer
 15673 | Abyss:2  | Noticed a sixfirhy
 15676 | Abyss:2  | Noticed a starcursed mass
 15682 | Abyss:2  | Paralysed by accursed screaming for 1 turns
 15689 | Abyss:2  | HP: 3/71 [sixfirhy (2)]
 15689 | Abyss:2  | Slain by a sixfirhy

Levels and vault maps discovered:
D:1:      lemuel_arrival_broad_hall, layout_loops_ring
D:2:      layout_loops_ring
D:3:      layout_basic
D:4:      minmay_chambers_of_fours, layout_gridville,
          minmay_temple_entry_gardened_gates, uniq_natasha
D:5:      layout_loops_ring, first_ration, lemuel_statue_altar
D:6:      layout_loops_ring, gammafunk_ghost_stat_death, corexii_hall_statues_i
D:7:      layout_rooms, uniq_prince_ribbit1
D:8:      layout_cave_pools, due_lair_maze_entry_diamond, serial_column_ruins,
          column_ruins_courtyard_long, column_ruins_hut_water,
          column_ruins_open_tiny, column_ruins_grid_2, column_ruins_open_tiny,
          column_ruins_columns_straight, column_ruins_open_small,
          column_ruins_grid_2, grunt_pizzeria, uniq_psyche
D:9:      layout_long_grid, nicolae_overflow_hidden_temple
D:10:     layout_stronghold, gammafunk_ghost_mausoleum, uniq_grum, uniq_erolcha,
          uniq_snorg
Temple:   compressed_dpeg_circular_temple
Abyss:2:  base: D:13, bh_abyss_exit_spiral, evilmike_abyss_exit_6

Skill      XL: |  1  2  3  4  5  6  7  8  9 10 11 |
---------------+----------------------------------+-----
Slings         | 6 7 8 9 10 11 12 | 12.0
Short Blades   | 1 2 3 4 5 6 8 |  8.8
Fighting       | 2 3 4 5 |  5.1
Invocations    | 1 3 4 5 |  5.6
Armour         | 1 3 4 5 |  5.7
Dodging        | 3 4 5 6 |  6.4
Stealth        | 3 4 5 |  5.2
Shields        | 2 3 |  3.2

Action                   |  1- 3 |  4- 6 |  7- 9 | 10-12 || total
-------------------------+-------+-------+-------+-------++-------
Melee: Short sword       |    72 |    57 |       |       ||   129
       Dagger            |       |    76 |   286 |   444 ||   806
       Rapier            |       |       |       |     6 ||     6
 Fire: Hunting sling     |    22 |   101 |   274 |   169 ||   566
Throw: Dart              |       |       |     3 |    20 ||    23
Evoke: Wand              |       |       |    11 |     1 ||    12
       Fan of gales      |       |       |       |     1 ||     1
  Use: Scroll            |       |    11 |     7 |    11 ||    29
       Potion            |       |       |       |     8 ||     8
 Stab: Sleeping          |     1 |       |       |     1 ||     2
  Eat: Chunk             |     2 |    12 |    16 |    12 ||    42
       Ration            |       |     1 |       |     1 ||     2
Armor: Leather armour    |     8 |       |       |       ||     8
       Chain mail        |    19 |    79 |   199 |   101 ||   398
       Troll leather arm |       |       |       |    12 ||    12
Dodge: Dodged            |    34 |    69 |   222 |   441 ||   766
Block: Buckler           |       |       |       |    79 ||    79
